 Dungeon Crawl Stone Soup version 0.21.1-1-g345015fe64 (webtiles) character file.

88 LevaFresel the Vandal (level 4, -2/30 HPs)
             Began as a Halfling Hunter on June 3, 2018.
             Slain by a bullfrog (4 damage)
             ... on level 5 of the Dungeon.
             The game lasted 00:10:01 (2232 turns).

LevaFresel the Vandal (Halfling Hunter)             Turns: 2232, Time: 00:10:01

Health: -2/30      AC:  4    Str: 13    XL:     4   Next: 82%
Magic:  4/4        EV: 15    Int:  9    God:
Gold:   146        SH:  0    Dex: 15    Spells: 3/3 levels left

rFire    . . .     SeeInvis .   b - +0 short sword
rCold    . . .     Gourm    .   (shield restricted)
rNeg     . . .     Faith    .   c - +1 leather armour
rPois    .         Spirit   .   (no helmet)
rElec    .         Reflect  .   (no cloak)
rCorr    .         Harm     .   (no gloves)
MR       .....                  (no boots)
Stlth    ++........             (no amulet)
HPRegen  0.10/turn              (no ring)
MPRegen  0.09/turn              (no ring)

@: lethally poisoned (-2 -> -5)
A: small, mutation resistance 1
a: no special abilities


You were on level 5 of the Dungeon.
You were hungry.

You visited 1 branch of the dungeon, and saw 5 of its levels.

You collected 146 gold pieces.

Inventory:

Hand Weapons
 a - a +1 hunting sling
 b - a +0 short sword (weapon)
Missiles
 d - 30 sling bullets
 g - 134 stones (quivered)
Armour
 c - a +1 leather armour (worn)
 u - a +0 helmet
Jewellery
 n - an uncursed ring of fire {unknown}
Scrolls
 i - a scroll of immolation {unknown}
 j - a scroll of amnesia
 k - a scroll of fear {unknown}
 l - 2 scrolls of teleportation
 o - a scroll of identify {unknown}
 p - a scroll of fog {unknown}
 r - 3 scrolls of enchant armour
 w - a scroll of random uselessness {unknown}
Potions
 e - 2 potions of flight {unknown}
 h - 2 potions of agility {unknown}
 m - a potion of might {unknown}
 q - a potion of magic {unknown}
 s - a potion of lignification {unknown}
 t - a potion of resistance {unknown}
 v - a potion of heal wounds {unknown}
Comestibles
 f - 3 rations


   Skills:
 + Level 2.3 Fighting
 + Level 1.9 Short Blades
 + Level 6.4 Slings
 + Level 2.9 Dodging
 + Level 2.4 Stealth


You had 3 spell levels left.
You didn't know any spells.

Dungeon Overview and Level Annotations

Branches:
Dungeon (5/15)
 Temple: D:4-7

Altars:

Annotations:
D:3 zuik's ghost, amateur HOBe


Innate Abilities, Weirdness & Mutations

You are small and have problems with some larger weapons.
You are somewhat resistant to further mutation.


Message History

Found 5 gold pieces.
* * * LOW HITPOINT WARNING * * *
You feel sick.
The bullfrog gives a loud, deep croak!
Found a thin smoking staff.
Found a falchion.
* * * LOW HITPOINT WARNING * * *
You feel sick.
Found an emerald potion.
You see here 5 stones.
You hit the bullfrog.
The bullfrog is lightly wounded.
* * * LOW HITPOINT WARNING * * *
You feel sick.
The bullfrog releases a deep croak.
The bullfrog closely misses you.
You hit the bullfrog.
The bullfrog is heavily wounded.
The bullfrog closely misses you. The bullfrog hits you.
You die...

#....≈≈a...≈.....#
#...≈..≈≈..≈.....#
#...≈....≈≈.(....#
#....≈≈......
#.....≈≈.....
#..###≈≈≈≈≈≈#
####...###≈≈≈≈##
#...F....######
#...@$......
#........#.#
#........# .
#........#
#|.......#
#......).#
#!.......#
#........#


You could see a bullfrog.

Vanquished Creatures
  2 adders (D:2)
  An ooze (D:5)
  4 worms (D:2)
  4 dart slugs
  4 bats
  5 giant cockroaches
  7 goblins
  6 hobgoblins
  4 kobolds
  A quokka (D:3)
  3 frilled lizards
  6 rats
47 creatures vanquished.

Notes
Turn   | Place    | Note
-------+----------+-------------------------------------------
     0 | D:1      | LevaFresel the Halfling Hunter began the quest for the Orb.
     0 | D:1      | Reached XP level 1. HP: 14/14 MP: 1/1
    82 | D:1      | Reached XP level 2. HP: 19/19 MP: 2/2
   107 | D:2      | Reached skill level 6 in Slings
   280 | D:1      | Reached skill level 1 in Short Blades
   303 | D:1      | Reached XP level 3. HP: 23/24 MP: 3/3
   855 | D:2      | Reached XP level 4. HP: 27/29 MP: 4/4
  2047 | D:3      | Noticed zuik's ghost (amateur HOBe)
  2085 | D:4      | Noticed an ogre
  2125 | D:5      | Entered Level 5 of the Dungeon
  2224 | D:5      | Noticed a bullfrog
  2232 | D:5      | Slain by a bullfrog

Skill      XL: |  1  2  3 |
---------------+----------+-----
Slings         | 6 |  6.4
Fighting       | 2 |  2.3
Short Blades   | 1 |  1.9
Stealth        | 2 |  2.4
Dodging        | |  2.9

Action                   |  1- 3 |  4- 6 || total
-------------------------+-------+-------++-------
Melee: Short sword       |    18 |    50 ||    68
 Fire: Hunting sling     |    83 |    54 ||   137
  Use: Scroll            |       |     4 ||     4
  Eat: Ration            |       |     1 ||     1
Armor: Leather armour    |     1 |    13 ||    14
Dodge: Dodged            |    16 |    63 ||    79
